 Dungeon Crawl Stone Soup version 0.29.1-15-g9cfb28693d (webtiles) character file.

Game seed: 8566936500081745396

23 Mesedsure the Conjurer (level 2, 18/19 HPs)
             Began as a Mummy Conjurer on Mar 3, 2023.
             Was a Follower of Vehumet.
             Quit the game on level 2 of the Dungeon.
             The game lasted 00:04:38 (744 turns).

Mesedsure the Conjurer (Mummy Conjurer)              Turns: 744, Time: 00:04:39

Health: 18/19      AC:  3    Str: 13    XL:     2   Next: 72%
Magic:  5/5        EV: 12    Int: 17    God:    Vehumet [*.....]
Gold:   20         SH:  5    Dex: 13    Spells: 1/6 levels left

rFire   x . .      SeeInvis .   f - +1 whip of Walisk {spect, rC+ rN+ Str+3 Dex+3}
rCold   + + .      Faith    .   (no shield)
rNeg    + + +      Spirit   .   a - +1 robe
rPois   ∞          Reflect  +   (no helmet)
rElec   .          Harm     .   (no cloak)
rCorr   .          Rampage  .   (no gloves)
Will    .....                   (no boots)
Stlth   ++........              e - amulet of reflection
HPRegen 0.06/turn               (no ring)
MPRegen 0.09/turn               (no ring)

@: no status effects
A: cold resistance 1, negative energy resistance 3, torment resistance 2, heat
vulnerability 1, no potions
a: Renounce Religion


You were on level 2 of the Dungeon.
You worshipped Vehumet.
Vehumet was aware of your devotion.
You visited 1 branch of the dungeon, and saw 2 of its levels.

You collected 20 gold pieces.

Inventory:

Hand Weapons
 d - a +2 falchion of electrocution
 f - the +1 whip of Walisk (weapon) {spect, rC+ rN+ Str+3 Dex+3}
   (You found it on level 2 of the Dungeon)

   When its wielder attacks, the weapon's spirit leaps out and strikes again.
   The spirit shares a part of any damage it takes with its wielder.
   Str:       It affects your strength (+3).
   Dex:       It affects your dexterity (+3).
   rC:        It protects you from cold.
   rN:        It protects you from negative energy.
Armour
 a - a +1 robe (worn)
Jewellery
 e - an amulet of reflection (around neck)
Scrolls
 b - a scroll of blinking
 c - a scroll of poison


   Skills:
 * Level 0.1 Long Blades
 * Level 0.2 Armour
 * Level 1.6 Dodging
 * Level 1.6 Stealth
 * Level 2.7 Spellcasting
 * Level 3.8 Conjurations


You had one spell level left.
You knew the following spells:

 Your Spells              Type           Power      Damage    Failure   Level
a - Magic Dart            Conj           60%        1d6       3%          1
b - Foxfire               Conj/Fire      36%        2x1d5     9%          1
c - Sandblast             Erth           4%         2d4       19%         1
d - Searing Ray           Conj           30%        2d5       5%          2

Your spell library contained the following spells:

 Spells                   Type           Power      Damage    Failure   Level
 Dazzling Flash           Conj/Hex       16%        N/A       24%         3
 Fulminant Prism          Conj/Hex       4%         3d6       63%         4
 Iskenderun's Mystic Bla  Conj/Tloc      8%         2d4       63%         4


Dungeon Overview and Level Annotations

Branches:
Dungeon (2/15)

Altars:
Vehumet


Innate Abilities, Weirdness & Mutations

You are immune to poison.
Your flesh is cold resistant. (rC+)
You are immune to negative energy. (rN+++)
You are immune to unholy pain and torment.
You are vulnerable to heat. (rF-)
You do not drink.


Message History

f - the +1 whip of Walisk (weapon)
{spect, rC+ rN+ Str+3 Dex+3} You open the door.
There is an open door here.
You open the door.
There is an open door here.
You open the door.
There is an open door here.
Found a stone staircase leading down.
There is a stone staircase leading down here.
You open the door.
There is an open door here.
You open the door.
There is an open door here.
You open the door.
An adder comes into view.
There is an open door here.
The adder hisses angrily.
You hit the adder.
The adder is moderately wounded.
Your +1 whip of Walisk {spect, rC+ rN+ Str+3 Dex+3} barely misses the adder.
You block the adder's attack. The adder bites you but does no damage.
Casting: Searing Ray (safe; 6% risk of failure)
Confirm with . or Enter, or press ? or * to list all spells.
Aiming: Sandblast (safe; 19% risk of failure)
Press: ? - help, Shift-Dir - straight line, f - adder
Aim: an adder (moderately wounded, 68% to hit)
You miscast Sandblast.
You are very lightly contaminated with residual magic.
Nothing appears to happen.
The adder bites you.
Unknown command.
You miss the adder.
The adder is moderately wounded.
Your +1 whip of Walisk {spect, rC+ rN+ Str+3 Dex+3} hits the adder!
You kill the adder!
Vehumet accepts your kill.
You feel your power returning.
There is an open door here.
Your magical contamination has completely faded away.
As you open the door, it creaks loudly!
Are you sure you want to abandon this character and quit the game? (Confirm with "yes".)

# #.####...# #.####...... #
#......... .###....#......
#######.##########.#.'....#####+#
.................#.#.#....# ###+#
#######..##.#.##.#.#.#....# #....
#..........#.#.#....# #....
#.....#.#..#.#.###### #....
#.....###..#........# ###'#
#.........@...#.....# #.#
......#..#####..........# #.#
###.#.#.................# #.#
...#.###...#...........# #.# ###
#.......>..######...## #.#
......#####...........# #.#
...... ###########.# #.. ......
#.####.# ...... #.....##


There were no monsters in sight!

Vanquished Creatures
  An adder (D:2)
  2 ball pythons (D:1)
  2 giant cockroaches
  2 hobgoblins (D:1)
  2 jackals (D:2)
  A kobold (D:1)
  A bat (D:2)
  A rat (D:2)
12 creatures vanquished.

Vanquished Creatures (others)
  2 foxfires (D:1)
2 creatures vanquished.

Grand Total: 14 creatures vanquished

Notes
Turn   | Place    | Note
-------+----------+-------------------------------------------
     0 | D:1      | Mesedsure the Mummy Conjurer began the quest for the Orb.
     0 | D:1      | Reached XP level 1. HP: 13/13 MP: 4/4
    52 | D:1      | Found a faded altar of an unknown god.
    84 | D:1      | Got Plato's Encyclopedia of Metal
    91 | D:1      | Prayed at the altar of an unknown god.
    91 | D:1      | Became a worshipper of Vehumet
    91 | D:1      | Reached * piety under Vehumet
    91 | D:1      | Offered knowledge of Foxfire by Vehumet.
    94 | D:1      | Learned a level 1 spell: Foxfire
    96 | D:1      | Learned a level 1 spell: Sandblast
   335 | D:1      | Reached XP level 2. HP: 15/19 MP: 3/5
   338 | D:1      | Learned a level 2 spell: Searing Ray
   571 | D:2      | Identified the +1 whip of Walisk {spect, rC+ rN+ Str+3
                  | Dex+3}
   744 | D:2      | Quit the game

Illustrated notes

Levels and vault maps discovered:
D:1:      dpeg_arrival_rooms_c, layout_basic,
          shapermc_ecumenical_altar_rom_forum, serial_shops, shop
D:2:      layout_basic, basic_altar

Action                   || total
-------------------------++-------
Melee: Unarmed           ||     3
       Falchion          ||     4
       Whip              ||     2
 Cast: Magic Dart        ||     9
       Sandblast         ||     5
       Foxfire           ||     1
       Searing Ray       ||     1
  Use: Scroll            ||     5
Armor: Robe              ||    11
Dodge: Dodged            ||    27
Block: Other             ||     4
